 Dungeon Sprint DCSS version 0.32-a0-898-g7811c86cf0 (webtiles) character file.

Game seed: 464191144594078723

62 Griffin23 the Covered (level 3, -2/37 HPs)
             Began as a Minotaur Fighter on Apr 4, 2024.
             Slain by an ice beast (10 damage)
             ... in the Dungeon (Sprint IX: "|||||||||||||||||||||||||||||").
             The game lasted 00:00:22 (43 turns).

Griffin23 the Covered (Minotaur Fighter)              Turns: 43, Time: 00:00:23

Health: -2/37      AC:  7    Str: 22    XL:     3   Next: 85%
Magic:  2/2        EV:  8    Int:  5    God:
Gold:   0          SH:  4    Dex:  9    Spells: 2/2 levels left

rFire   . . .        a - +0 long sword
rCold   . . .        c - +0 buckler
rNeg    . . .        b - +0 scale mail
rPois   .            (helmet restricted)
rElec   .            (no cloak)
rCorr   .            (no gloves)
SInv    .            (no boots)
Will    .....        (no amulet) Stlth
                     (no ring)
HPRegen 0.26/turn    (no ring)
MPRegen 0.08/turn

%: no teleportation
@: no status effects
A: horns 2, retaliatory headbutt
a: no special abilities


You were in the Dungeon.
You visited 1 branch

Inventory:

Hand Weapons
 a - a +0 long sword (weapon)
Armour
 b - a +0 scale mail (worn)
 c - a +0 buckler (worn)
Scrolls
 j - a scroll of blinking
Potions
 d - a potion of might
 e - a potion of curing
 f - a potion of heal wounds
 g - a potion of haste
 h - 2 potions of magic
 i - a potion of berserk rage


   Skills:
 + Level 6.0 Fighting
 * Level 4.2 Long Blades
 + Level 6.1 Armour
 - Level 0.2 Dodging
 + Level 5.9 Shields


You had 2 spell levels left.
You didn't know any spells.
Your spell library was empty.

Dungeon Overview and Level Annotations

Branches:
Dungeon (1/1)

Altars:


Innate Abilities, Weirdness & Mutations

You have a pair of horns on your head.
You reflexively headbutt those who attack you in melee.


Message History

You are no longer poisoned.
You barely miss the ice beast. You headbutt the ice beast.
The ice beast is lightly wounded.
You block the ice beast's attack.
You hit the ice beast but do no damage.
You headbutt the ice beast, but do no damage.
The ice beast is lightly wounded.
The ice beast hits you. The ice beast freezes you!
* * * LOW HITPOINT WARNING * * *
You block the ice beast's attack.
You are too injured to fight recklessly!
You are too injured to fight recklessly!
You barely miss the ice beast. Your headbutt misses the ice beast.
The ice beast is lightly wounded.
The ice beast closely misses you.
You barely miss the ice beast.
The ice beast is lightly wounded.
The ice beast barely misses you.
You hit the ice beast.
The ice beast is heavily wounded.
You block the ice beast's attack.
You closely miss the ice beast. Your headbutt misses the ice beast.
The ice beast is heavily wounded.
The ice beast hits you but does no damage.
You hit the ice beast.
The ice beast is heavily wounded.
The ice beast barely misses you.
The ice beast hits you but does no damage.
You hit the ice beast. Your headbutt misses the ice beast.
The ice beast is severely wounded.
The ice beast hits you but does no damage.
You hit the ice beast.
The ice beast is almost dead.
The ice beast hits you but does no damage.
You hit the ice beast but do no damage. You headbutt the ice beast.
The ice beast is almost dead.
The ice beast hits you.
* * * LOW HITPOINT WARNING * * *
The ice beast freezes you!
You die...

▓.▓
▓.▓
▓.▓
▓†▓
▓.▓
▓.▓
▓.▓
▓.▓
▓@▓
▓Y▓
▓h▓
▓o▓
▓.▓
▓.▓
▓.▓
▓+▓


You could see an ice beast, a hound and an orc.

Vanquished Creatures
  A scorpion (D)
  A giant cockroach (D)
  2 quokkas (D)
  A bat (D)
  A frilled lizard (D)
  A rat (D)
7 creatures vanquished.

Notes
Turn   | Place    | Note
-------+----------+-------------------------------------------
     0 | D        | Griffin23 the Minotaur Fighter began the quest for the Orb.
     0 | D        | Reached XP level 1. HP: 19/19 MP: 0/0
    23 | D        | Noticed a scorpion
    23 | D        | Noticed a hound
    23 | D        | Noticed an ice beast
    30 | D        | Killed a scorpion
    31 | D        | Reached skill level 5 in Shields
    31 | D        | Reached XP level 2. HP: 21/30 MP: 1/1
    31 | D        | Reached XP level 3. HP: 26/37 MP: 2/2
    43 | D        | Slain by an ice beast

Illustrated notes

Levels and vault maps discovered:
D:        linesprint [early_d, line_temple, items_1, d_10, items_2, lair_1,
          lair_end, items_3, orc_1, orc_end, items_4, d_15, swamp_1, shoals_1,
          snake_1, spider_1, d_20, vaults_1, items_5, swamp_end, shoals_end,
          snake_end, spider_end, vaults_end, d_27, items_6, zot_1, zot_end,
          crypt_end, forest_end, elf_end, slime_end, tomb_end, abyss_end,
          pan_hell_end]

Skill      XL: |  1 |
---------------+----+-----
Fighting       | 6 |  6.0
Armour         | 6 |  6.1
Shields        | 5 |  5.9
Long Blades    | 4 |  4.2
Dodging        | |  0.2

Action                     || total
---------------------------++-------
  Melee: Long sword        ||    33
         Headbutt          ||     5
 Armour: Scale mail        ||    14
  Dodge: Dodged            ||    17
  Block: Buckler           ||     7

Table legend: (Time is in decaauts)
 A = Elapsed time spent in this place.
 B = Non-inter-level travel time spent in this place.
 C = Inter-level travel time spent in this place.
 D = Time resting spent in this place.
 E = Time spent auto-exploring this place.
 F = Levels seen in this place.
 G = Mean time per level.
                   A        B        C        D        E       F      G
               +--------+--------+--------+--------+--------+-----+--------+
         Total |     51 |     51 |      0 |      0 |      9 |   1 |   51.0 |
       Dungeon |     51 |     51 |      0 |      0 |      9 |   1 |   51.0 |
               +--------+--------+--------+--------+--------+-----+--------+

Top non-repeatable levels by time:
       D: 51 daAuts
